 Dungeon Crawl Stone Soup version 0.29-a0-575-g0dc89cf053 (webtiles) character file.

Game seed: 11867060987124679683

39 xian the Sneak (level 3, -5/27 HPs)
             Began as a Draconian Enchanter on June 12, 2022.
             Slain by a worm (8 damage)
             ... on level 2 of the Dungeon.
             The game lasted 00:03:01 (1547 turns).

xian the Sneak (Draconian Enchanter)                Turns: 1547, Time: 00:03:01

Health: -5/27      AC:  5    Str: 10    XL:     3   Next: 28%
Magic:  6/6        EV: 12    Int: 17    God:
Gold:   56         SH:  0    Dex: 11    Spells: 4/6 levels left

rFire   . . .      SeeInvis .   a - +1 dagger
rCold   . . .      Faith    .   (no shield)
rNeg    . . .      Spirit   .   (body armour unavailable)
rPois   .          Reflect  .   (helmet restricted)
rElec   .          Harm     .   (no cloak)
rCorr   .          Rampage  .   (no gloves)
Will    .....                   (no boots)
Stlth   ++........              (no amulet)
HPRegen 0.09/turn               (no ring)
MPRegen 0.10/turn               (no ring)

@: no status effects
A: AC +5, unfitting armour, cold-blooded
a: no special abilities


You were on level 2 of the Dungeon.
You visited 1 branch of the dungeon, and saw 2 of its levels.

You collected 56 gold pieces.

Inventory:

Hand Weapons
 a - a +1 dagger (weapon)
 e - a +0 vorpal flail
Potions
 b - 2 potions of invisibility
 c - a potion of degeneration {unknown}
 d - 2 potions of brilliance {unknown}
 f - a potion of berserk rage {unknown}
 g - a potion of cancellation {unknown}


   Skills:
 + Level 0.3 Fighting
 + Level 1.2 Short Blades
 + Level 2.2 Dodging
 + Level 3.2 Stealth
 + Level 2.1 Spellcasting
 + Level 3.1 Hexes


You had 4 spell levels left.
You knew the following spells:

 Your Spells              Type           Power      Damage    Failure   Level
a - Ensorcelled Hibernat  Hex/Ice        14%        N/A       16%         2

Your spell library contained the following spells:

 Spells                   Type           Power      Damage    Failure   Level
 Confusing Touch          Hex            12%        N/A       16%         3
 Tukima's Dance           Hex            12%        N/A       16%         3
 Dazzling Flash           Conj/Hex       14%        N/A       30%         3


Dungeon Overview and Level Annotations

Branches:
Dungeon (2/15)

Altars:


Innate Abilities, Weirdness & Mutations

Your plain brown scales are hard. (AC +5)
You cannot fit into any form of body armour.
You are cold-blooded and may be slowed by cold attacks.


Message History

The endoplasm quivers.
You hit the worm.
The worm is lightly wounded.
You barely miss the worm.
The worm is lightly wounded.
The worm barely misses you.
You hit the worm.
The worm is moderately wounded.
The worm bites you!
You barely miss the worm.
The worm is lightly wounded.
The kobold hits you with a +3 dagger.
You hit the worm. You tail-slap the worm.
The worm is severely wounded.
The worm bites you! The kobold hits you with a +3 dagger.
* * * LOW HITPOINT WARNING * * *
The kobold barely misses you.
You barely miss the kobold. The kobold closely misses you.
You hit the kobold.
You kill the kobold!
Found 2 murky red potions.
The endoplasm jiggles.
You hit the endoplasm.
The endoplasm is severely wounded.
The endoplasm hits you but does no damage.
You hit the endoplasm.
You kill the endoplasm!
You hit the worm.
The worm is lightly wounded.
The worm bites you but does no damage.
You hit the worm but do no damage.
The worm is lightly wounded.
You hit the worm but do no damage.
The worm is lightly wounded.
The worm bites you.
* * * LOW HITPOINT WARNING * * *
You hit the worm.
Your tail-slap misses the worm.
The worm is lightly wounded.
The worm bites you!
You die...

...........[#.##.......
..............#...##...
#..........#.....#...###
##...#.....##......#.##.
###.............##..##.
#.............##.....
#................###.
#!..w............##..
#...@................
#..........#.........
#..!.##+##.#...†...##
#....#≈≈≈#.........##
#....+≈≈≈+.........#
######≈≈≈##........#
##.##'###†##..#.##
#.........##...).#
###......##.##.....#


You could see a worm.

Vanquished Creatures
  A worm (D:2)
  5 ball pythons
  2 bats (D:1)
  4 endoplasms
  A giant cockroach (D:2)
  2 goblins (D:1)
  3 hobgoblins
  2 jackals (D:1)
  3 frilled lizards (D:1)
  6 kobolds
  4 rats (D:1)
33 creatures vanquished.

Vanquished Creatures (others)
  A demonic plant (D:1)
1 creature vanquished.

Grand Total: 34 creatures vanquished

Notes
Turn   | Place    | Note
-------+----------+-------------------------------------------
     0 | D:1      | xian the Draconian Enchanter began the quest for the Orb.
     0 | D:1      | Reached XP level 1. HP: 14/14 MP: 3/3
   284 | D:1      | Reached XP level 2. HP: 20/20 MP: 5/5
   534 | D:1      | Found a faded altar of an unknown god.
  1310 | D:2      | Reached XP level 3. HP: 26/26 MP: 6/6
  1320 | D:2      | Learned a level 2 spell: Ensorcelled Hibernation
  1547 | D:2      | Slain by a worm

Illustrated notes

Levels and vault maps discovered:
D:1:      eino_arrival_druids_welcome, layout_basic,
          shapermc_ecumenical_altar_gd
D:2:      layout_rooms, serial_shops, nicolae_shop_waterfront,
          kennysheep_nondescript, minmay_liquid_box

Skill      XL: |  1  2 |
---------------+-------+-----
Hexes          | 3 |  3.1
Dodging        | 2 |  2.2
Stealth        | 3 |  3.2
Fighting       | |  0.3
Short Blades   | |  1.2
Spellcasting   | |  2.1

Action                   || total
-------------------------++-------
Melee: Dagger            ||   124
       Tailslap          ||    16
  Use: Scroll            ||     3
 Stab: Sleeping          ||     6
Armor: Skin              ||    36
Dodge: Dodged            ||    82

Table legend: (Time is in decaauts)
 A = Elapsed time spent in this place.
 B = Non-inter-level travel time spent in this place.
 C = Inter-level travel time spent in this place.
 D = Time resting spent in this place.
 E = Time spent auto-exploring this place.
 F = Levels seen in this place.
 G = Mean time per level.
                   A        B        C        D        E       F      G
               +--------+--------+--------+--------+--------+-----+--------+
         Total |   1543 |   1525 |     18 |      0 |   1125 |   2 |  771.5 |
       Dungeon |   1543 |   1525 |     18 |      0 |   1125 |   2 |  771.5 |
               +--------+--------+--------+--------+--------+-----+--------+

Top non-repeatable levels by time:
     D:1: 1294 daAuts
     D:2: 248 daAuts
